 Dungeon Crawl Stone Soup version 0.23.1 (webtiles) character file.

Game seed: 1031573918766634922

487 Ratux the Quickloader (level 6, -4/50 HPs)
             Began as a Minotaur Hunter on Mar 15, 2019.
             Slain by a sky beast (6 damage)
             ... on level 6 of the Dungeon.
             The game lasted 00:17:09 (2378 turns).

Ratux the Quickloader (Minotaur Hunter)             Turns: 2378, Time: 00:17:10

Health: -4/50      AC:  5    Str: 17    XL:     6   Next: 89%
Magic:  5/5        EV: 11    Int:  8    God:
Gold:   119        SH:  0    Dex: 17    Spells: 5/5 levels left

rFire    . . .     SeeInvis .   a - +1 hand crossbow
rCold    . . .     Gourm    .   (no shield)
rNeg     . . .     Faith    .   u - +0 ring mail
rPois    .         Spirit   .   (helmet restricted)
rElec    .         Reflect  .   (no cloak)
rCorr    +         Harm     .   (no gloves)
MR       .....                  (no boots)
Stlth    +.........             (no amulet)
HPRegen  0.16/turn              k - +5 ring of dexterity
MPRegen  0.09/turn              h - ring of resist corrosion

@: no status effects
A: retaliatory headbutt, horns 2
a: no special abilities


You were on level 6 of the Dungeon.
You were hungry.

You visited 1 branch of the dungeon, and saw 5 of its levels.

You collected 119 gold pieces.

Inventory:

Hand Weapons
 a - a +1 hand crossbow (weapon)
 m - a +0 hand axe
 o - a +0 hunting sling
 q - a +0 morningstar
 t - a +0 halberd
Missiles
 d - 49 bolts (quivered)
 i - 57 stones
 p - 17 sling bullets
Armour
 c - a +0 leather armour
 u - a +0 ring mail (worn)
Jewellery
 h - a ring of resist corrosion (right hand)
 k - a +5 ring of dexterity (left hand)
Scrolls
 b - a scroll of random uselessness {unknown}
 j - 3 scrolls of remove curse
 l - a scroll of teleportation
 n - a scroll of amnesia
 v - a scroll of fog {unknown}
 w - a scroll of magic mapping {unknown}
 x - a scroll of identify {unknown}
Potions
 e - a potion of brilliance {unknown}
 g - a potion of agility {unknown}
 r - a potion of curing {unknown}
 s - a potion of degeneration {unknown}
 z - a potion of lignification {unknown}
Comestibles
 f - 8 rations


   Skills:
 - Level 2.4 Fighting
 + Level 9.1 Crossbows
 - Level 2.1 Dodging
 - Level 0.7 Stealth


You had 5 spell levels left.
You didn't know any spells.
Your spell library was empty.

Dungeon Overview and Level Annotations

Branches:
Dungeon (4/15)
 Temple: D:4-7

Altars:
Ashenzari
Uskayaw


Innate Abilities, Weirdness & Mutations

You reflexively headbutt those who attack you in melee.
You have a pair of horns on your head.


Message History

The sky beast flickers out of sight!
Deactivating autopickup; reactivate with Ctrl-A.
Something hits you. Something shocks you.
* * * LOW HITPOINT WARNING * * *
Firing (i - inventory. (/) - cycle)
d - 51 bolts (quivered)
Press: ? - help, Shift-Dir - straight line You shoot a bolt.
A sky beast appears from thin air!
Reactivating autopickup.
The sky beast hits you.
* * * LOW HITPOINT WARNING * * *
The sky beast shocks you.
* * * LOW HITPOINT WARNING * * *
Firing (i - inventory. (/) - cycle)
d - 50 bolts (quivered)
Press: ? - help, Shift-Dir - straight line, f - sky beast
Aim: a sky beast (rain, moderately wounded)
You shoot a bolt. The bolt closely misses the sky beast.
The sky beast hits you.
* * * LOW HITPOINT WARNING * * *
The sky beast shocks you.
You die...

.........#
.(.......#
.........#
.........#
.........#
.........#
......$..#
.......Y.#
.%....()@#
....######
.##


You could see a sky beast.

Vanquished Creatures
  The ghost of guttsta the Sneak, an amateur VSAs (D:3)
  An ice beast (D:3)
  An ogre (D:6)
  An orc wizard (D:3)
  Natasha (twice) (D:2)
  3 gnolls (D:2)
  4 adders
  2 oozes
  6 orcs (D:3)
  4 giant cockroaches
  11 goblins
  7 hobgoblins
  5 jackals
  3 bats
  5 frilled lizards
  8 kobolds
  6 rats
70 creatures vanquished.

Notes
Turn   | Place    | Note
-------+----------+-------------------------------------------
     0 | D:1      | Ratux the Minotaur Hunter began the quest for the Orb.
     0 | D:1      | Reached XP level 1. HP: 18/18 MP: 0/0
   120 | D:1      | Reached XP level 2. HP: 21/25 MP: 1/1
   131 | D:1      | Reached skill level 5 in Crossbows
   567 | D:1      | Reached XP level 3. HP: 27/30 MP: 2/2
   721 | D:2      | Noticed Natasha
  1176 | D:2      | Reached skill level 6 in Crossbows
  1178 | D:2      | Reached XP level 4. HP: 16/37 MP: 3/3
  1361 | D:2      | Killed Natasha
  1440 | D:2      | Found a shattered altar of Ashenzari.
  1441 | D:2      | Found a hide-covered altar of Uskayaw.
  1507 | D:2      | Noticed Natasha
  1510 | D:2      | Killed Natasha
  1593 | D:2      | Reached skill level 7 in Crossbows
  1621 | D:3      | Reached XP level 5. HP: 42/42 MP: 4/4
  1698 | D:3      | Noticed an ice beast
  1706 | D:3      | Killed an ice beast
  1918 | D:3      | Found a runed translucent door.
  1928 | D:3      | Noticed guttsta's ghost (amateur VSAs)
  1971 | D:3      | Reached skill level 8 in Crossbows
  1975 | D:3      | Reached XP level 6. HP: 43/50 MP: 5/5
  2254 | D:3      | Killed guttsta's ghost
  2361 | D:4      | You fall through a shaft for 2 floors!
  2362 | D:6      | Noticed a sky beast
  2374 | D:6      | Reached skill level 9 in Crossbows
  2378 | D:6      | HP: 2/50 [sky beast (2)]
  2378 | D:6      | Slain by a sky beast

Skill      XL: |  1  2  3  4  5  6 |
---------------+-------------------+-----
Crossbows      | 5 6 7 8 9 |  9.1
Fighting       | |  2.4
Dodging        | |  2.1
Stealth        | |  0.7

Action                   |  1- 3 |  4- 6 || total
-------------------------+-------+-------++-------
Melee: Short sword       |    51 |       ||    51
       Headbutt          |    11 |     7 ||    18
       Hand axe          |    15 |       ||    15
       Morningstar       |    10 |     8 ||    18
       Halberd           |       |    45 ||    45
 Fire: Hand crossbow     |       |    19 ||    19
Throw: Stone             |     7 |     4 ||    11
  Use: Scroll            |       |     3 ||     3
 Stab: Sleeping          |     2 |     1 ||     3
  Eat: Chunk             |     1 |     3 ||     4
Armor: Leather armour    |    19 |     2 ||    21
       Ring mail         |       |    15 ||    15
Dodge: Dodged            |    40 |    41 ||    81
